 Dungeon Crawl Stone Soup version 0.31.0-9-g3a7656b989 (webtiles) character file.

Game seed: 914584393666054442

113 qw the Shooter (level 4, -1/23 HPs)
             Began as a Spriggan Hunter on Feb 2, 2024.
             Succumbed to their own poison gas
             ... on level 2 of the Dungeon.
             The game lasted 00:00:05 (1064 turns).

qw the Shooter (Spriggan Hunter)                    Turns: 1064, Time: 00:00:05

Health: -1/23      AC:  5    Str:  7    XL:     4   Next: 65%
Magic:  5/5        EV: 20    Int: 10    God:
Gold:   69         SH:  0    Dex: 20    Spells: 3/3 levels left

rFire   . . .        a - +0 shortbow
rCold   . . .        (shield currently unavailable)
rNeg    . . .        c - +0 robe
rPois   .            (helmet restricted)
rElec   .            d - +2 cloak
rCorr   .            (gloves unavailable)
SInv    +            (boots unavailable)
Will    .....        (no amulet)
Stlth   ++           (no ring)
HPRegen 0.23/turn    (no ring)
MPRegen 0.09/turn

%: no passive effects
@: lethally poisoned (-1 -> -5), very quick
A: very small, no large weapons, unfitting armour, see invisible, speed 3
a: no special abilities


You were on level 2 of the Dungeon.
You visited 1 branch of the dungeon, and saw 2 of its levels.

You collected 69 gold pieces.


Innate Abilities, Weirdness & Mutations

You are very small and have problems with some larger weapons.
You are too small for most types of armour.
You have supernaturally acute eyesight. (SInv)
You cover ground extremely quickly. (Speed+++)


   Skills:
 + Level 1.8 Fighting
 - Level 5.0 Ranged Weapons
 - Level 5.0 Dodging
 - Level 1.5 Stealth


You had 3 spell levels left.
You didn't know any spells.
Your spell library was empty.

Inventory:

Hand Weapons
 a - a +0 shortbow (weapon)
Armour
 c - a +0 robe (worn)
 d - a +2 cloak (worn)
Potions
 e - a potion of haste
 f - a potion of lignification {unknown}
 g - a potion of mutation {unknown}

Dungeon Overview and Level Annotations

Branches:
Dungeon (2/15)

Altars:


Message History

1054 ||| READING scroll labelled EDUMIY VISHREWI.
As you read the scroll labelled EDUMIY VISHREWI, it dissolves into smoke.
It was a scroll of fog.
A ribbon worm is nearby!
A ribbon worm is nearby!
Enter note:
Enter note: You are engulfed in poison gas.
You are poisoned.
You feel sick.
The ribbon worm expels a string of sticky webbing.
The stream of webbing hits you but does no damage.
You are caught in a web!
There is a web here.
1056 ||| Stepping ~*~*~tactically~*~*~ (cloud).
The web tears apart.
You are engulfed in poison gas.
You are lethally poisoned!
You feel very sick.
1057 ||| Stepping ~*~*~tactically~*~*~ (cloud).
You feel very sick.
1058 ||| FLEEEEING.
You feel sick.
1059 ||| FLEEEEING.
You feel sick.
There is a lethal amount of poison in your body!
You feel very sick.
There is a lethal amount of poison in your body!
You feel sick.
You shoot an arrow. The arrow hits the ribbon worm.
The ribbon worm is lightly wounded.
You feel sick.
The ribbon worm expels a string of sticky webbing.
The stream of webbing misses you.
You shoot an arrow.
The arrow barely misses the ribbon worm.
You feel sick.
You shoot an arrow. The arrow hits the ribbon worm!
The ribbon worm is heavily wounded.
You die...

#.. ##.#.##.#.##.#.## #..
##.#.##.#.#.##.#.## #..
##.#.##.#.#.#.##.#.#
#..##.#.##.#.##..#.##.#. # #.
#..#.#.##.#.##[.#.##%#.# #. #.
#...#.##.#.##..#.##.#.##
#.##.###....##.#.##.#..##.#.##
......###.##.#.##.#.)##.#.##
#.......##.#@##.#..##.#.##
#.......###.#.##.#.#.#.##
#..))....###.#ยค##.#.#.## ##
#..........##.#w##.#.## ##.
####.#####.###.#.##%## ##..
#)# ...##.#.### ##...
#)#######.# #.#.# ##....
#)#........# #.#.# ##.....
##.#........# #.#.##..#...


You could see a ribbon worm.

Vanquished Creatures
  Robin (D:2)
  5 adders (D:2)
  A dart slug (D:2)
  A ribbon worm (D:2)
  5 ball pythons
  3 bats
  3 endoplasms
  2 giant cockroaches (D:1)
  11 goblins
  3 hobgoblins
  2 jackals (D:1)
  2 quokkas
  3 frilled lizards
  4 kobolds (D:1)
  5 rats
51 creatures vanquished.

Notes
Turn   | Place    | Note
-------+----------+-------------------------------------------
     0 | D:1      | qw the Spriggan Hunter began the quest for the Orb.
     0 | D:1      | Reached XP level 1. HP: 10/10 MP: 2/2
     0 | D:1      | 0 ||| qw: Version: 0.3-a-155-g5e7d8dd
     0 | D:1      | 0 ||| qw: Game counter: 2122
     0 | D:1      | 0 ||| qw: Melee chars always use a shield: true
     0 | D:1      | 0 ||| qw: God list: Okawaru
     0 | D:1      | 0 ||| qw: Allow faded altars: false
     0 | D:1      | 0 ||| qw: Do Orc after clearing Dungeon:15 true
     0 | D:1      | 0 ||| qw: Do second Lair branch before Depths: true
     0 | D:1      | 0 ||| qw: Lair rune preference: random
     0 | D:1      | 0 ||| qw: Goals: Normal
     0 | D:1      | 0 ||| PLANNING D:1-11
    46 | D:1      | Reached skill level 3 in Dodging
   180 | D:1      | Reached XP level 2. HP: 14/14 MP: 3/3
   553 | D:1      | 553 ||| UPGRADING to +2 cloak.
   558 | D:1      | 558 ||| DROPPING scroll of butterflies.
   624 | D:2      | Reached XP level 3. HP: 18/18 MP: 4/4
   901 | D:2      | Reached XP level 4. HP: 22/22 MP: 5/5
   916 | D:2      | Noticed Robin
   936 | D:2      | Killed Robin
  1002 | D:2      | 1002 ||| READING scroll labelled OCSAIM VIRA.
  1002 | D:2      | 1002 ||| IDENTIFYING sapphire potion
  1003 | D:2      | 1003 ||| READING scroll labelled PEERAR KUTURGH.
  1003 | D:2      | 1003 ||| ENCHANTING +0 shortbow.
  1004 | D:2      | 1004 ||| DROPPING potion of degeneration.
  1024 | D:2      | 1024 ||| READING scroll of identify.
  1024 | D:2      | 1024 ||| IDENTIFYING glowing orange potion
  1053 | D:2      | 1053 ||| READING scroll labelled YFAR PANIOXZO.
  1054 | D:2      | 1054 ||| READING scroll labelled EDUMIY VISHREWI.
  1056 | D:2      | 1056 ||| Stepping ~*~*~tactically~*~*~ (cloud).
  1057 | D:2      | 1057 ||| Stepping ~*~*~tactically~*~*~ (cloud).
  1058 | D:2      | 1058 ||| FLEEEEING.
  1059 | D:2      | 1059 ||| FLEEEEING.
  1060 | D:2      | HP: 5/23 [poisoned by you (poison gas)]
  1062 | D:2      | HP: 2/23 [poisoned by you (poison gas)]
  1064 | D:2      | Succumbed to their own poison gas

Levels and vault maps discovered:
D:1:      minmay_arrival_radiant_lines, layout_basic, minmay_pentomino_q2
D:2:      minmay_inner_zag, layout_basic, chequers_serial_rivers_small_b,
          uniq_robin

Skill      XL: |  1  2  3  4 |
---------------+-------------+-----
Dodging        | 3 4 5 |  5.0
Ranged Weapons | 5 |  5.0
Fighting       | |  1.8
Stealth        | |  1.5

Action                     |  1- 3 |  4- 6 || total
---------------------------+-------+-------++-------
   Fire: Shortbow          |    98 |    53 ||   151
    Use: Scroll            |       |     5 ||     5
 Armour: Robe              |     7 |     8 ||    15
  Dodge: Dodged            |    12 |    33 ||    45

Table legend:
 A = Non-vault XP
 B = Vault XP
 C = Vault XP percentage of total XP
 D = Non-vault monster count
 E = Vault monster count
 F = Vault count percentage of total count
                 A         B        C        D         E       F
            +---------+---------+-------+---------+---------+-------
      Total |     107 |      55 |  34.0 |      35 |      16 |  31.4
            +---------+---------+-------+---------+---------+-------
        D:1 |      34 |       1 |   2.9 |      21 |       1 |   4.5
        D:2 |      73 |      54 |  42.5 |      14 |      15 |  51.7
            +---------+---------+-------+---------+---------+-------
